 Dungeon Crawl Stone Soup version 0.31-a0-1074-g0b22e4e0f1 (webtiles) character file.

Game seed: 1371603839432790370

99409 grandjackal the End of an Era (level 15, -1/133 HPs)
             Began as a Demonspawn Gladiator on Nov 30, 2023.
             Was the Champion of Qazlal.
             Shot with an arrow by an orc warrior (7 damage)
             ... on level 2 of the Orcish Mines.
             The game lasted 00:29:45 (20883 turns).

grandjackal the End of an Era (DsGl)               Turns: 20883, Time: 00:29:46

Health: -1/133     AC: 23    Str: 21    XL:     15   Next: 77%
Magic:  0/29       EV: 12    Int: 10    God:    Qazlal [******]
Gold:   2050       SH:  8    Dex: 21    Spells: 14/14 levels left

rFire   . . .        q - +4 scimitar (flame)
rCold   + . .        (no shield)
rNeg    . . .        E - +1 scale mail {rC+}
rPois   .            c - +0 helmet
rElec   +            g - +0 cloak of Binti {rElec}
rCorr   .            V - +1 pair of gloves {hurl}
SInv    .            (no boots)
Will    +....        f - amulet of regeneration
Stlth   x              - +4 ring of protection
HPRegen 1.22/turn    L - ring "Yhiah" {rElec Str+6 Slay+6}
MPRegen 0.42/turn

%: repel missiles, guardian spirit
@: protected from physical damage
A: yellow scales 2, demonic guardian 2, magic shield, magic regeneration, magic
link, weakness stinger 2
a: Renounce Religion, Upheaval, Elemental Force, Disaster Area


You were on level 2 of the Orcish Mines.
You worshipped Qazlal.
Qazlal was exalted by your worship.
You visited 4 branches of the dungeon, and saw 23 of its levels.
You also visited: Bailey, Ice Cave and Volcano.

You collected 2270 gold pieces.
You spent 220 gold pieces at shops.

Inventory:

Hand Weapons
 q - a +4 scimitar of flaming (weapon)
Missiles
 d - 8 throwing nets (quivered)
 e - 3 javelins
 F - 6 silver javelins
Armour
 c - a +0 helmet (worn)
 g - the +0 cloak of Binti (worn) {rElec}
   (You found it on level 8 of the Dungeon)

   rElec:     It insulates you from electricity.
 y - a +3 chain mail of fire resistance
 E - a +1 scale mail of cold resistance (worn)
 P - a +2 buckler
 S - a +2 crystal plate armour of cold resistance
 U - the +7 chain mail of Wiseux {Harm rN++ Dex-3 Slay+2}
   (You took it off an orc knight on level 1 of the Orcish Mines)

   Dex-3:     It affects your dexterity (-3).
   Slay+2:    It affects your accuracy & damage with ranged weapons and melee
   (+2).
   rN++:      It greatly protects you from negative energy.
   Harm:      It increases damage dealt and taken.
 V - a +1 pair of gloves of hurling (worn)
Jewellery
 f - an amulet of regeneration (around neck)
 x - a +4 ring of protection (left hand)
 L - the ring "Yhiah" (right hand) {rElec Str+6 Slay+6}
   (You found it on level 10 of the Dungeon)

   [ring of strength]

   Str+6:     It affects your strength (+6).
   Slay+6:    It affects your accuracy & damage with ranged weapons and melee
   (+6).
   rElec:     It insulates you from electricity.
 M - an amulet of magic regeneration
 O - a ring of willpower
 T - the ring "Hoto" {rC+ rN++ Will+ Str-5 Slay+2}
   (You took it off an orc warrior on level 1 of the Orcish Mines)

   [ring of protection from cold]

   Str-5:     It affects your strength (-5).
   Slay+2:    It affects your accuracy & damage with ranged weapons and melee
   (+2).
   rC+:       It protects you from cold.
   rN++:      It greatly protects you from negative energy.
   Will+:     It increases your willpower.
Wands
 a - a wand of iceblast (7)
 o - a wand of digging (12)
 A - a wand of light (13)
 B - a wand of flame (60)
 H - a wand of charming (9)
 Q - a wand of mindburst (28)
Scrolls
 i - a scroll of summoning
 k - a scroll of identify
 p - 11 scrolls of teleportation
 r - a scroll of blinking
 s - 2 scrolls of vulnerability
 C - a scroll of fog
 D - a scroll of immolation
 I - 3 scrolls of enchant weapon
Potions
 b - 4 potions of enlightenment
 h - 5 potions of haste
 j - 5 potions of resistance
 l - 2 potions of lignification
 m - 14 potions of curing
 n - 6 potions of heal wounds
 t - 2 potions of ambrosia
 u - a potion of berserk rage
 v - 3 potions of invisibility
 w - 3 potions of attraction
 z - 3 potions of mutation
 J - 6 potions of might
 K - 3 potions of magic
 N - a potion of brilliance
Miscellaneous
 R - a phial of floods


   Skills:
 + Level 16.8 Fighting
 - Level 14.0 Long Blades
 - Level 2.0 Throwing
 - Level 6.6 Armour
 - Level 3.0 Dodging
 + Level 3.3 Shields
 + Level 20.4 Invocations


You had 14 spell levels left.
You didn't know any spells.
Your spell library contained the following spells:

 Spells                   Type           Power      Damage    Failure   Level
 Freeze                   Ice            0%         1d3       67%         1
 Magic Dart               Conj           0%         1d3       67%         1
 Sandblast                Erth           0%         2d4       67%         1
 Call Imp                 Summ           0%         N/A       80%         2
 Passwall                 Tmut/Erth      0%         N/A       80%         2
 Call Canine Familiar     Summ           0%         N/A       95%         3
 Dazzling Flash           Conj/Hex       0%         N/A       95%         3
 Frozen Ramparts          Ice            0%         1d1       95%         3
 Hailstorm                Conj/Ice       0%         3d3       95%         3
 Mephitic Cloud           Conj/Pois/Air  0%         N/A       95%         3
 Ozocubu's Armour         Ice            0%         N/A       95%         3
 Sigil of Binding         Hex            0%         N/A       95%         3
 Stone Arrow              Conj/Erth      0%         3d7       95%         3
 Tukima's Dance           Hex            0%         N/A       95%         3
 Animate Armour           Summ/Erth      0%         N/A       100%        4
 Brom's Barrelling Bould  Conj/Erth      0%         2d3       100%        4
 Dimensional Bullseye     Hex/Tloc       0%         N/A       100%        4
 Leda's Liquefaction      Hex/Erth       0%         N/A       100%        4
 Passage of Golubria      Tloc           0%         N/A       100%        4
 Summon Lightning Spire   Summ/Air       0%         N/A       100%        4
 Agony                    Necr           0%         N/A       100%        5
 Lee's Rapid Deconstruct  Erth           0%         3d4*      100%        5
 Metabolic Englaciation   Hex/Ice        0%         N/A       100%        5
 Silence                  Hex/Air        0%         N/A       100%        5
 Yara's Violent Unravell  Hex/Tmut       0%         3d3       100%        5
 Simulacrum               Ice/Necr       0%         N/A       100%        6
 Ozocubu's Refrigeration  Ice            0%         4d7       100%        7
 Lehudib's Crystal Spear  Conj/Erth      0%         10d2      100%        8
 Polar Vortex             Ice            0%         N/A       100%        9


Dungeon Overview and Level Annotations

Branches:
Dungeon (15/15)            Temple (1/1) D:4            Lair (5/5) D:11
  Swamp (0/4) Lair:3        Snake (0/4) Lair:3        Slime (0/5) Lair:5
    Orc (2/2) D:12         Vaults (0/5) D:13         Depths (0/4) D:15
 Bailey (visited)           IceCv (visited)         Volcano (visited)
    Elf: Orc:2

Altars:
Ashenzari
Cheibriados
Dithmenos
Fedhas
Gozag
Hepliaklqana
Kikubaaqudgha
Makhleb
Nemelex Xobeh
Okawaru
Qazlal
Ru
Sif Muna
Trog
Uskayaw
Vehumet
Wu Jian
Xom
Yredelemnul
Jiyva

Shops:
D:3 !   D:11 [   D:13 (

Portals:
Trove: D:10 (give 7 potions of haste)

Annotations:
D:11 3 runed translucent doors, Isuir's ghost, journeyman DEHW
D:15 2 transporters, grandjackal's ghost, journeyman DsGl


Innate Abilities, Weirdness & Mutations

You are mostly covered in yellow scales. (AC +3)
A demonic guardian rushes to your aid.
When hurt, damage is shared between your health and your magic reserves.
You regenerate magic rapidly.
When low on magic, you restore magic in place of health.
You have a tail ending in a sharp stinger.


Message History

You block the warg's attack. The troll completely misses you.
The troll barely misses you. The troll misses you.
The ogre is engulfed in a thunderstorm.
You kill the ogre!
Qazlal accepts your kill.
The orc knight hits you with a +3 battleaxe!!!
An orc high priest comes into view. It is wielding a +0 halberd.
An orc warrior comes into view. It is wielding a +0 scimitar.
The orc warrior barely misses you.
The orc warrior unwields a +0 scimitar.
The orc warrior wields a +0 orcbow.
The orc warrior shoots an arrow.
The arrow misses you.
The arrow barely misses the orc warrior.
The warg closely misses you.
The orc high priest shouts!
Okay, then.
Activating: Elemental Force (0% risk of failure)
Press: ? - help, Dir - look around, f - activate Clouds arounds you coalesce and take form!
The warg bites you but does no damage.
The orc warrior misses your air elemental.
The orc warrior hits your air elemental with a +0 hand axe.
The orc warrior barely misses your earth elemental.
The orc warrior hits your water elemental with a +0 hand axe.
Something completely misses your air elemental.
The orc knight hits you with a +3 battleaxe!!
* * * LOW HITPOINT WARNING * * *
A demonic guardian appears!
The orc knight hits your air elemental with a +3 battleaxe!!
The orc knight hits your water elemental with a +3 battleaxe!!
The orc knight hits your fire elemental with a +3 battleaxe!!
The orc knight closely misses your air elemental.
The orc warrior misses you. The troll bites you.
* * * LOW HITPOINT WARNING * * *
You block the troll's attack. The troll claws you!
* * * LOW HITPOINT WARNING * * *
The orc warrior closely misses you.
The orc warrior shoots an arrow.
The arrow closely misses your water elemental.
The arrow closely misses your air elemental.
The arrow hits you!
You die...

...... ###......
......... ###
#........
#..##.$.....#
###.....o☼..#
#....EEoh..#
###..o@#####
#...EoET#..# #..
#....4EoEo.###...
##....o≈E≈[......
###.$..o≈o......
#....E..o.....
##....o.......
##...........
##..<.......


You could see an orc knight (strong, ally target), 2 orc high priests, a troll
(ally target), a warg, 7 orc warriors, an orc (strong), a friendly earth
elemental (summoned), a friendly hellwing (summoned), 2 friendly water
elementals, a friendly fire elemental (summoned) and 4 friendly air elementals.

Vanquished Creatures
  The ghost of Tollund the Bludgeoner, a journeyman AtFi of Okawaru (Orc:1)
  An orc warlord (Orc:2)
  A reaper (IceCv)
  Nessos (Lair:4)
  Snorg (Orc:2)
  Harold (Orc:1)
  3 hydras
  A rakshasa (D:15)
  2 vault guards (Bailey)
  3 centaur warriors
  A catoblepas (Lair:5)
  2 boulder beetles
  A merfolk avatar (Lair:5)
  2 two-headed ogres
  6 death yaks (D:11)
  An orc high priest (Orc:1)
  3 occultists (D:15)
  Sonja (D:13)
  2 fire crabs
  9 skeletal warriors
  5 skysharks
  A deep troll (D:13)
  2 bog bodies (Lair:3)
  3 sea snakes (Lair:5)
  2 harpies (Lair:5)
  Pikel (D:8)
  A deep elf zephyrmancer (D:14)
  A phantasmal warrior (D:13)
  A necromancer (D:15)
  A deep elf pyromancer (D:12)
  18 ugly things
  An orc sorcerer (Orc:1)
  4 orc knights (Orc:1)
  7 cyclopes
  A centaur zombie (D:15)
  2 manticores
  20 elephants
  5 black mambas
  An ice statue (IceCv)
  12 cane toads
  2 gargoyles
  2 molten gargoyles (Volcano)
  Jeremiah (Lair:1)
  3 rime drakes
  7 komodo dragons
  Maggie (D:7)
  An efreet (D:14)
  A freezing wraith (IceCv)
  3 tengu conjurers (D:13)
  An ice devil (Orc:1)
  A troll (D:11)
  2 polar bears
  A harpy skeleton (D:15)
  Prince Ribbit (Bailey)
  3 hornets (Lair:5)
  14 blink frogs
  6 slime creatures
  Sigmund (D:2)
  A vampire (D:11)
  2 wraiths
  2 dire elephant simulacra (IceCv)
  5 wyverns
  7 humans (Bailey)
  8 fire bats (Volcano)
  41 yaks
  Grum (Lair:1)
  3 steam dragons
  4 basilisks
  4 wargs
  2 death yak simulacra (IceCv)
  23 vampire mosquitoes
  3 nagas (Lair:3)
  2 acid dragons
  17 water moccasins
  2 hell hounds (Volcano)
  A hydra simulacrum (IceCv)
  An ice beast (D:7)
  13 orc warriors
  6 black bears
  2 sky beasts
  7 ogres
  9 wolves
  3 lemures (D:8)
  10 centaurs
  2 phantoms
  3 kobold brigands
  23 bullfrogs
  4 gnoll sergeants
  3 cane toad simulacra (IceCv)
  5 scorpions
  7 two-headed ogre simulacra (IceCv)
  5 wights
  2 elephant simulacra (IceCv)
  8 killer bees (D:10)
  3 vampire bats (Lair:1)
  3 howler monkeys
  7 lava snakes
  2 hounds
  A jelly (D:7)
  A gnoll bouda (D:7)
  10 orc priests
  A sleepcap (D:4)
  19 orc wizards
  2 iguanas (D:5)
  8 troll simulacra (IceCv)
  A boggart skeleton (D:15)
  A polar bear simulacrum (IceCv)
  4 wolf simulacra (IceCv)
  4 spriggan simulacra (IceCv)
  20 gnolls
  9 adders
  6 naga simulacra (IceCv)
  6 white imps
  4 ufetubi (IceCv)
  3 worms (D:3)
  4 dart slugs
  53 orcs
  9 bats
  6 endoplasms
  2 giant cockroaches
  10 goblins
  5 hobgoblins
  5 jackals
  21 kobolds
  2 quokkas
  4 ball pythons
  2 frilled lizards
  15 rats
677 creatures vanquished.

Vanquished Creatures (collateral kills)
  A hell hog (Volcano)
  A guardian serpent (shapeshifter) (D:13)
  A cyclops (D:11)
  An ugly thing (D:15)
  A gargoyle (D:11)
  An ice devil (Orc:1)
  A blink frog (Lair:2)
  A wolf (Lair:2)
  2 wights (D:8)
  2 killer bees (D:10)
  A howler monkey (D:10)
  A gnoll (D:7)
  5 orcs
19 creatures vanquished.

Vanquished Creatures (others)
  A bullfrog (D:11)
  An orc wizard (D:11)
  A gnoll (D:7)
  An orc (D:11)
4 creatures vanquished.

Grand Total: 700 creatures vanquished

Notes
Turn   | Place    | Note
-------+----------+-------------------------------------------
     0 | D:1      | grandjackal the Demonspawn Gladiator began the quest for
                  | the Orb.
     0 | D:1      | Reached XP level 1. HP: 16/16 MP: 1/1
   129 | D:1      | Gained mutation: You regenerate magic rapidly. [demonic
                  | ancestry]
   129 | D:1      | Reached XP level 2. HP: 22/22 MP: 2/2
   460 | D:1      | Found a faded altar of an unknown god.
   575 | D:1      | Reached XP level 3. HP: 18/28 MP: 3/3
   935 | D:2      | Identified the +1 robe "Duipp" {rF+ Archmagi}
  1205 | D:2      | Noticed Sigmund
  1211 | D:2      | Killed Sigmund
  1212 | D:2      | Gained mutation: You are partially covered in yellow
                  | scales. (AC +2) [demonic ancestry]
  1212 | D:2      | Reached XP level 4. HP: 37/37 MP: 4/4
  1212 | D:2      | Reached XP level 5. HP: 42/42 MP: 5/5
  1458 | D:3      | Found Woack's Distillery.
  1467 | D:3      | Bought a potion of heal wounds for 55 gold pieces
  1467 | D:3      | Bought a potion of curing for 33 gold pieces
  1467 | D:3      | Bought a potion of might for 44 gold pieces
  1894 | D:4      | Found a staircase to the Ecumenical Temple.
  1902 | D:4      | Gained mutation: A weak demonic guardian rushes to your
                  | aid. [demonic ancestry]
  1902 | D:4      | Reached XP level 6. HP: 45/48 MP: 6/6
  1920 | Temple   | Entered the Ecumenical Temple
  1947 | Temple   | Became a worshipper of Qazlal Stormbringer
  2053 | D:4      | Reached skill level 1 in Invocations
  2581 | D:3      | Bought a potion of invisibility for 88 gold pieces
  2628 | D:5      | Entered Level 5 of the Dungeon
  2628 | D:5      | Noticed a water moccasin
  2653 | D:4      | Killed a water moccasin
  2654 | D:4      | Reached skill level 2 in Invocations
  2654 | D:4      | Reached XP level 7. HP: 13/55 MP: 8/8
  2875 | D:5      | Reached skill level 5 in Fighting
  2875 | D:5      | Reached skill level 5 in Long Blades
  2875 | D:5      | Reached skill level 3 in Invocations
  3215 | D:5      | Reached skill level 4 in Invocations
  3307 | D:4      | Reached * piety under Qazlal
  3536 | D:5      | Reached XP level 8. HP: 61/64 MP: 11/11
  3701 | D:6      | Reached skill level 5 in Invocations
  3812 | D:6      | Reached skill level 6 in Invocations
  4379 | D:7      | Reached skill level 7 in Invocations
  4379 | D:7      | Gained mutation: When hurt, damage is shared between your
                  | health and your magic reserves. [demonic ancestry]
  4379 | D:7      | Reached XP level 9. HP: 30/72 MP: 14/14
  4390 | D:7      | Found an ancient bone altar of Kikubaaqudgha.
  4392 | D:7      | Found a shadowy altar of Dithmenos.
  4776 | D:7      | Reached ** piety under Qazlal
  4977 | D:7      | Noticed Maggie
  4995 | D:7      | Reached skill level 8 in Invocations
  5165 | D:7      | Killed Maggie
  5623 | D:8      | Reached skill level 9 in Invocations
  5692 | D:8      | Reached *** piety under Qazlal
  5867 | D:8      | Noticed Pikel
  5881 | D:8      | Killed Pikel
  5882 | D:8      | Reached XP level 10. HP: 68/82 MP: 13/17
  5887 | D:8      | Identified the +0 cloak of Binti {rElec}
  5949 | D:8      | Found a flagged portal.
  5966 | Bailey   | Entered a bailey
  6049 | Bailey   | Reached skill level 10 in Invocations
  6409 | Bailey   | Noticed a vault guard
  6409 | Bailey   | Noticed Prince Ribbit
  6414 | Bailey   | Killed Prince Ribbit
  6418 | Bailey   | Killed a vault guard
  6419 | Bailey   | Reached skill level 11 in Invocations
  6427 | Bailey   | Noticed a vault guard
  6436 | Bailey   | Killed a vault guard
  6437 | Bailey   | Reached skill level 10 in Fighting
  6490 | D:8      | Reached **** piety under Qazlal
  6874 | D:9      | Gained mutation: A demonic guardian rushes to your aid.
                  | [demonic ancestry]
  6874 | D:9      | Reached XP level 11. HP: 88/91 MP: 19/19
  7015 | D:9      | Identified the +2 robe of Quah {rF- rCorr Dex+5}
  7745 | D:10     | Entered Level 10 of the Dungeon
  7761 | D:10     | Found a portal to a secret trove of treasure.
  7958 | D:10     | Identified the ring "Yhiah" {rElec Str+6 Slay+6}
  8034 | D:10     | Noticed a two-headed ogre
  8042 | D:10     | Killed a two-headed ogre
  8043 | D:10     | Reached skill level 12 in Invocations
  8795 | D:11     | Noticed a red ugly thing
  8800 | D:11     | Reached skill level 10 in Long Blades
  8807 | D:11     | Killed a red ugly thing
  8920 | D:11     | Noticed Isuir's ghost (journeyman DEHW)
  8924 | D:11     | Noticed a boulder beetle
  8934 | D:11     | Reached ***** piety under Qazlal
  8935 | D:11     | Reached skill level 13 in Invocations
  9110 | D:11     | Found a staircase to the Lair.
  9120 | D:11     | Found a runed translucent gate.
  9120 | D:11     | Found a runed translucent gate.
  9124 | D:11     | Found a runed translucent gate.
  9240 | D:11     | Found Jijeel's Antique Armour Boutique.
  9996 | D:12     | Gained mutation: You have a small tail. [demonic ancestry]
  9996 | D:12     | Reached XP level 12. HP: 76/101 MP: 19/22
 10408 | D:12     | You fall into a shaft and drop 2 floors!
 10422 | D:14     | Noticed an eight-headed hydra
 10435 | D:14     | Killed an eight-headed hydra
 10436 | D:14     | Reached skill level 14 in Invocations
 10630 | D:14     | Noticed a centaur warrior
 10655 | D:14     | Killed a centaur warrior
 10965 | D:14     | Reached skill level 15 in Invocations
 11856 | D:13     | Gained mutation: When low on magic, you restore magic in
                  | place of health. [demonic ancestry]
 11856 | D:13     | Reached XP level 13. HP: 111/111 MP: 24/24
 12335 | D:12     | Found a staircase to the Orcish Mines.
 12468 | D:13     | Noticed Sonja
 12472 | D:13     | Killed Sonja
 12498 | D:13     | Reached skill level 16 in Invocations
 12865 | D:13     | Found a gate to the Vaults.
 13098 | D:13     | Found Kuykepti's Antique Weapon Shop.
 13340 | D:15     | Entered Level 15 of the Dungeon
 13527 | D:15     | Identified the ring of the Battered Dreams {rC+ SInv}
 13597 | D:15     | Noticed grandjackal's ghost (journeyman DsGl)
 13911 | D:15     | Reached skill level 17 in Invocations
 14105 | D:15     | Found a sparkling altar of Nemelex Xobeh.
 14144 | D:15     | Found a staircase to the Depths.
 14264 | D:15     | Found a transporter.
 14264 | D:15     | Found a transporter.
 14556 | Lair:1   | Entered Level 1 of the Lair of Beasts
 14596 | Lair:1   | Noticed Jeremiah
 14628 | Lair:1   | Gained mutation: You are mostly covered in yellow scales.
                  | (AC +3) [demonic ancestry]
 14628 | Lair:1   | Reached XP level 14. HP: 65/121 MP: 17/26
 14734 | Lair:1   | Killed Jeremiah
 14734 | Lair:1   | Reached ****** piety under Qazlal
 14753 | Lair:1   | Noticed Grum
 14759 | Lair:1   | Killed Grum
 15476 | Lair:2   | Reached skill level 18 in Invocations
 15486 | Lair:2   | Reached skill level 15 in Fighting
 15492 | Lair:2   | Found a dark tunnel.
 15502 | Volcano  | Entered a volcano
 15653 | Volcano  | Found a bloodstained altar of Trog.
 16395 | Lair:3   | Found a staircase to the Swamp.
 16941 | Lair:3   | Found a staircase to the Snake Pit.
 17008 | Lair:4   | Noticed Nessos
 17015 | Lair:4   | Killed Nessos
 17371 | Lair:4   | Reached skill level 19 in Invocations
 17836 | Lair:5   | Entered Level 5 of the Lair of Beasts
 17847 | Lair:5   | Reached skill level 5 in Armour
 17879 | Lair:5   | Gained mutation: You have a tail ending in a sharp stinger.
                  | [demonic ancestry]
 17879 | Lair:5   | Reached XP level 15. HP: 125/130 MP: 26/28
 18308 | Lair:5   | Found a viscous altar of Jiyva.
 18308 | Lair:5   | Found a staircase to the Slime Pits.
 18869 | Lair:5   | Identified the +1 cloak "Ysasmak" {Harm rF- Dex+2}
 19205 | Orc:1    | Entered Level 1 of the Orcish Mines
 19225 | Orc:1    | Paralysed by an orc sorcerer for 5 turns
 19238 | Orc:1    | Paralysed by an orc sorcerer for 2 turns
 19350 | Orc:1    | Reached skill level 1 in Shields
 19376 | Orc:1    | Found a frozen archway.
 19390 | IceCv    | Entered an ice cave
 19408 | IceCv    | Reached skill level 20 in Invocations
 19439 | IceCv    | Identified the +2 halberd of Corporal Punishment {freeze,
                  | +Blink rC- Dex+6 SInv}
 19670 | IceCv    | HP: 3/132 [reaper/+2 scythe of freezing (20)]
 20355 | Orc:1    | Noticed Harold
 20363 | Orc:1    | Killed Harold
 20447 | Orc:1    | Found a runed translucent gate.
 20448 | Orc:1    | Found a runed translucent gate.
 20448 | Orc:1    | Noticed Tollund's ghost (journeyman AtFi)
 20449 | Orc:1    | Found a runed translucent gate.
 20449 | Orc:1    | Identified the +7 chain mail of Wiseux {Harm rN++ Dex-3
                  | Slay+2}
 20696 | Orc:1    | Identified the ring "Hoto" {rC+ rN++ Will+ Str-5 Slay+2}
 20725 | Orc:1    | Killed Tollund's ghost
 20854 | Orc:2    | Entered Level 2 of the Orcish Mines
 20875 | Orc:2    | Noticed Snorg
 20882 | Orc:2    | Killed Snorg
 20883 | Orc:2    | HP: 6/133 [troll (6)]
 20883 | Orc:2    | Shot with an arrow by an orc warrior

Illustrated notes

Levels and vault maps discovered:
D:1:      amcnicky_arrival_flooded_fountain, layout_basic,
          hellmonk_ecumenical_altar_inner_sanctum
D:2:      layout_loops_cross, minmay_crystal_water, uniq_sigmund
D:3:      layout_basic, serial_shops, nicolae_shop_tiny_statue_garden
D:4:      layout_basic, minmay_temple_entry_overgrown
D:5:      layout_rooms, st_stairs_4
D:6:      layout_rooms
D:7:      layout_cave_pools, jmf_multi_god_temple, uniq_maggie
D:8:      nicolae_cairo_tiling_large_dashed, layout_cave_pools, serial_rivers,
          chequers_serial_rivers_marsh, chequers_serial_rivers_small_a,
          chequers_serial_rivers_micro_a, chequers_serial_rivers_micro_d,
          chequers_serial_rivers_marsh, chequers_serial_rivers_room_b,
          enter_bailey_5, uniq_pikel
D:9:      layout_gridville, mainiacjoe_overflow_chevrons, serial_glass,
          glass_columns_a, glass_columns_b, glass_columns_b, glass_columns_c,
          glass_columns_a, glass_columns_c, glass_columns_b, glass_columns_a
D:10:     layout_cave_pods, nicolae_trove_entry_isolated
D:11:     layout_long_grid, due_lair_maze_entry_diamond, gammafunk_ghost_split,
          serial_shops, shop
D:12:     layout_stronghold, orc_0_dummy
D:13:     layout_stronghold, david_vaults_4, serial_shops, shop, uniq_sonja
D:14:     layout_basic, small_statue_intersection, grunt_decor_junction,
          kennysheep_diamond
D:15:     grunt_enter_depths_magical_seal, layout_loops_corners,
          gammafunk_ghost_hive, nemelex_diamond_rough_becter
Temple:   compressed_dpeg_triangle_lava_temple
Lair:1:   layout_chaotic_city, roderic_batcave, chequers_serial_rivers_micro_d,
          lemuel_fruit_fields, grunt_megastairs_1, uniq_grum, uniq_jeremiah
Lair:2:   layout_misc_corridors, nicolae_volcano_entry_two_sided
Lair:3:   layout_big_grid, skrybe_swamp_entry_bodies,
          nicolae_snake_entry_squirm, st_stairs_8
Lair:4:   layout_big_grid, uniq_nessos
Lair:5:   gammafunk_lair_ancient_temple, layout_loops_ring,
          dpeg_slime_entry_enclosed, wad_woods_road_02
Orc:1:    layout_caves, biasface_ghost_orc_armoury,
          portal_ice_cave_demonic_guard, uniq_harold
Orc:2:    grunt_orc_gardens, layout_diamond_mine, grunt_orc_garden,
          grunt_orc_garden, grunt_orc_garden, grunt_orc_garden, uniq_snorg

Skill      XL: |  1  2  3  4  5  6  7  8  9 10 11 12 13 14 15 |
---------------+----------------------------------------------+-----
Throwing       | 2 |  2.0
Dodging        | 3 |  3.0
Long Blades    | 3 4 5 6 8 9 10 12 13 14 | 14.0
Fighting       | 3 4 5 7 8 10 11 13 14 15 16 | 16.8
Armour         | 2 3 5 6 |  6.6
Invocations    | 2 4 7 9 11 13 15 17 19 20 | 20.4
Shields        | 3 |  3.3

Action                     |  1- 3 |  4- 6 |  7- 9 | 10-12 | 13-15 || total
---------------------------+-------+-------+-------+-------+-------++-------
  Melee: Falchion          |    66 |    92 |   229 |       |       ||   387
         Long sword        |     7 |       |    41 |   495 |       ||   543
         Punch             |     2 |     2 |     3 |    11 |    13 ||    31
         Short sword       |       |       |     5 |       |       ||     5
         Tailslap          |       |       |       |    30 |   201 ||   231
         Dagger            |       |       |       |     8 |       ||     8
         Scimitar          |       |       |       |     4 |   972 ||   976
  Throw: Throwing net      |       |     2 |     1 |     1 |     2 ||     6
 Invoke: Upheaval          |       |       |       |       |    10 ||    10
         Elemental Force   |       |       |       |       |     1 ||     1
  Evoke: Wand              |       |       |     6 |     5 |     3 ||    14
    Use: Potion            |       |     2 |       |     2 |     2 ||     6
         Scroll            |       |       |       |     6 |    17 ||    23
   Stab: Sleeping          |     2 |       |       |       |       ||     2
         Held in net/web   |       |     1 |       |       |       ||     1
         Distracted        |       |       |     2 |       |     1 ||     3
         Petrified         |       |       |       |       |     3 ||     3
 Armour: Leather armour    |    48 |       |       |       |       ||    48
         Ring mail         |     5 |   103 |   121 |       |       ||   229
         Scale mail        |       |       |   222 |   380 |   669 ||  1271
         Chain mail        |       |       |       |       |     6 ||     6
  Dodge: Dodged            |    47 |    68 |   205 |   241 |   374 ||   935
         Repelled          |       |       |       |     9 |     9 ||    18
  Block: Other             |       |       |    44 |   126 |   278 ||   448

Table legend: (Time is in decaauts)
 A = Elapsed time spent in this place.
 B = Non-inter-level travel time spent in this place.
 C = Inter-level travel time spent in this place.
 D = Time resting spent in this place.
 E = Time spent auto-exploring this place.
 F = Levels seen in this place.
 G = Mean time per level.
                   A        B        C        D        E       F      G
               +--------+--------+--------+--------+--------+-----+--------+
         Total |  20848 |  19783 |   1065 |   3030 |  12479 |  26 |  801.8 |
       Dungeon |  14295 |  13499 |    796 |   2194 |   8872 |  15 |  953.0 |
        Temple |     36 |     27 |      9 |      0 |      0 |   1 |   36.0 |
          Lair |   4083 |   3842 |    241 |    391 |   2522 |   5 |  816.6 |
  Orcish Mines |    876 |    858 |     18 |     36 |    620 |   2 |  438.0 |
        Bailey |    516 |    516 |      0 |    275 |      2 |   1 |  516.0 |
      Ice Cave |    747 |    747 |      0 |    102 |    366 |   1 |  747.0 |
       Volcano |    291 |    291 |      0 |     32 |     96 |   1 |  291.0 |
               +--------+--------+--------+--------+--------+-----+--------+

Top non-repeatable levels by time:
    D:14: 1463 daAuts
     D:4: 1301 daAuts
    D:10: 1264 daAuts
    D:12: 1190 daAuts
  Lair:5: 1058 daAuts
    D:15: 1047 daAuts
     D:6: 1009 daAuts
  Lair:4: 976 daAuts
    D:13: 973 daAuts
    D:11: 944 daAuts
     D:9: 933 daAuts
     D:7: 866 daAuts
   Orc:1: 852 daAuts
   IceCv: 747 daAuts
  Lair:1: 721 daAuts
